 Dungeon Crawl Stone Soup version 0.26-a0-519-gb2f46efeda (webtiles) character file.

Game seed: 12591772140804555613

166 KristoblXynda the Sneak (level 5, -1/27 HPs)
             Began as a Spriggan Brigand on Aug 11, 2020.
             Killed from afar by an orc wizard (9 damage)
             ... with a magic dart
             ... on level 3 of the Dungeon.
             The game lasted 00:05:36 (3637 turns).

KristoblXynda the Sneak (Spriggan Brigand)          Turns: 3637, Time: 00:05:36

Health: -1/27      AC:  3    Str:  5 (8)  XL:     5   Next: 22%
Magic:  6/6        EV: 19    Int: 10 (12) God:
Gold:   101        SH:  0    Dex: 17 (18) Spells: 4/4 levels left

rFire    . . .     SeeInvis +   a - +2 dagger
rCold    . . .     Faith    .   (shield restricted)
rNeg     . . .     Spirit   .   b - +0 robe
rPois    +         Reflect  .   (helmet restricted)
rElec    .         Harm     .   c - +0 cloak
rCorr    .                      (gloves unavailable)
MR       .....                  (boots unavailable)
Stlth    ++++......             (no amulet)
HPRegen  0.09/turn              (no ring)
MPRegen  0.10/turn              (no ring)

@: very quick
A: very small, unfitting armour, beak, see invisible, speed 3, poison resistance
a: no special abilities


You were on level 3 of the Dungeon.
You visited 1 branch of the dungeon, and saw 3 of its levels.

You collected 101 gold pieces.

Inventory:

Hand Weapons
 a - a +2 dagger (weapon)
Missiles
 d - 3 poisoned darts (quivered)
 e - 2 curare-tipped darts
Armour
 b - a +0 robe (worn)
 c - a +0 cloak (worn)
Scrolls
 g - 3 scrolls of teleportation
 h - a scroll of remove curse {unknown}
 k - a scroll of identify {unknown}


   Skills:
 + Level 2.6 Fighting
 + Level 3.5 Short Blades
 - Level 2.0 Throwing
 + Level 3.8 Dodging
 + Level 7.1 Stealth


You had 4 spell levels left.
You didn't know any spells.
Your spell library contained the following spells:

 Spells                   Type           Power        Failure   Level
 Corona                   Hex            #......      36%         1
 Ensorcelled Hibernation  Hex/Ice        #.....       50%         2
 Confusing Touch          Hex            #.......     75%         3
 Dazzling Flash           Conj/Hex       #.....       75%         3
 Tukima's Dance           Hex            #.......     75%         3


Dungeon Overview and Level Annotations

Branches:
Dungeon (3/15)

Altars:
Cheibriados
Elyvilon
Hepliaklqana


Innate Abilities, Weirdness & Mutations

You are very small and have problems with some larger weapons.
You are too small for most types of armour.
You have supernaturally acute eyesight. (SInv)
You cover ground extremely quickly.
You have a beak for a mouth.
Your system is resistant to poisons. (rPois)


Message History

You throw a poisoned dart. The poisoned dart hits the orc.
The orc is almost dead.
You kill the orc!
Drop what? 9/52 slots (_ for help) (? for menu, Esc to quit)
You drop a potion of degeneration.
You start resting.
An orc wizard is nearby!
Throwing (i - inventory. (/) - cycle)
d - 5 poisoned darts (quivered)
Press: ? - help, Shift-Dir - straight line, f - orc wizard
Aim: an orc wizard, wielding a +0 dagger and wearing a +0 robe (heavily wounded)
You throw a poisoned dart.
The poisoned dart closely misses the orc wizard.
Throwing (i - inventory. (/) - cycle)
d - 4 poisoned darts (quivered)
Press: ? - help, Shift-Dir - straight line, f/p - orc wizard
Aim: an orc wizard, wielding a +0 dagger and wearing a +0 robe (heavily wounded)
You throw a poisoned dart.
The poisoned dart barely misses the orc wizard.
The orc wizard points at you and mumbles some strange words.
The magic dart hits you!
You die...

#((...##.............##.# ##.#
..##....................####)##
..........>...................###
#.##...#.(o(....................#
#.....####..).................#.#
#....#####......................#
....#.........................###
.#######...#..................#
## #####....@.....<.......# ## +#
#....[................# .###.##
##.##...........####.## .......
........#.........##.#
...##..#....#...#.........##.#
..###.##..#######.......>.##.##
......... ##.........##..#
.(##.#.. ......#......###.###
.##....# .....................


You could see an orc wizard.

Vanquished Creatures
  Robin (D:2)
  4 adders (D:3)
  2 oozes
  5 worms
  3 dart slugs
  4 leopard geckos
  10 orcs (D:3)
  A giant cockroach (D:3)
  13 goblins
  8 hobgoblins
  3 jackals (D:2)
  3 kobolds
  2 quokkas
  7 bats
  3 frilled lizards
  4 rats
73 creatures vanquished.

Notes
Turn   | Place    | Note
-------+----------+-------------------------------------------
     0 | D:1      | KristoblXynda the Spriggan Brigand began the quest for the
                  | Orb.
     0 | D:1      | Reached XP level 1. HP: 10/10 MP: 2/2
   316 | D:1      | Reached skill level 6 in Stealth
   353 | D:1      | Reached XP level 2. HP: 4/15 MP: 3/3
  1072 | D:2      | Found a white marble altar of Elyvilon.
  1120 | D:2      | Reached XP level 3. HP: 10/18 MP: 4/4
  1361 | D:2      | Found a snail-covered altar of Cheibriados.
  1498 | D:2      | Noticed Robin
  1604 | D:2      | Killed Robin
  1950 | D:2      | Reached XP level 4. HP: 20/23 MP: 5/5
  2323 | D:2      | Found a hazy altar of Hepliaklqana.
  3074 | D:3      | Reached skill level 7 in Stealth
  3442 | D:3      | Reached XP level 5. HP: 25/27 MP: 6/6
  3597 | D:3      | HP: 1/27 [orc wizard/magic dart (8)]
  3606 | D:3      | Gained mutation: You have a beak for a mouth. [potion of
                  | mutation]
  3606 | D:3      | Gained mutation: Your system is resistant to poisons.
                  | (rPois) [potion of mutation]
  3637 | D:3      | Killed from afar by an orc wizard

Illustrated notes

Levels and vault maps discovered:
D:1:      sevenhm_arrival_forest_fort_small_4, layout_loops_ring,
          chequers_avenue
D:2:      layout_rooms, lemuel_doored_altar, marbit_many_paths,
          elyvilon_altar_3, uniq_robin
D:3:      layout_rooms, gammafunk_temple_overflow_elements, lemuel_statue_altar

Skill      XL: |  1  2  3  4 |
---------------+-------------+-----
Stealth        | 6 7 |  7.1
Dodging        | 2 3 |  3.8
Fighting       | 2 |  2.6
Short Blades   | 3 |  3.5
Throwing       | |  2.0

Action                   |  1- 3 |  4- 6 || total
-------------------------+-------+-------++-------
Melee: Dagger            |   166 |   169 ||   335
Throw: Dart              |     3 |    33 ||    36
  Use: Scroll            |     1 |       ||     1
       Potion            |       |     3 ||     3
 Stab: Sleeping          |     8 |     9 ||    17
Armor: Robe              |     9 |    16 ||    25
Dodge: Dodged            |   110 |   124 ||   234

Table legend: (Time is in decaauts)
 A = Elapsed time spent in this place.
 B = Non-inter-level travel time spent in this place.
 C = Inter-level travel time spent in this place.
 D = Time resting spent in this place.
 E = Time spent auto-exploring this place.
 F = Levels seen in this place.
 G = Mean time per level.
                   A        B        C        D        E       F      G
               +--------+--------+--------+--------+--------+-----+--------+
         Total |   3011 |   2981 |     30 |   1495 |    830 |   3 | 1003.7 |
       Dungeon |   3011 |   2981 |     30 |   1495 |    830 |   3 | 1003.7 |
               +--------+--------+--------+--------+--------+-----+--------+

Top non-repeatable levels by time:
     D:2: 1430 daAuts
     D:1: 804 daAuts
     D:3: 776 daAuts
